Unix xNetHack Version 8.0.0 - last build Jun 13 2023 11:06:09 (4b7ecc64c373f7294607d497be3f7ce1783331ac). Game began 2023-06-29 10:53:16, ended 2023-06-29 12:32:40. Moult, neutral male gnomish Healer --- -------.-- |..Z~i...| | ---h@..-- --- --....-- |..- --- ----h.|--- |...--- --.-- ----.|..| -....-- |.. |....|..| --...---|..- --.....-- |......| -.| --.....| --.--..--|.| --....---------.[.--.| --..................-- |.^.--------........| --...| -........-| -....| |....---...| |....-- |..0-- -..-- --...| --- |...| ---.| |...| --- --.-- --- Moult the Rhizotomist St:12 Dx:9 Co:14 In:14 Wi:13 Ch:13 Neutral S:287 Dlvl:6 $:1111 HP:0(22) Pw:8(8) AC:8 Xp:1/0 T:853 Latest messages: You see here a cloth light armor. You have a little trouble lifting a cloth light armor. Continue? n You hear rumbling in the distance. You hear an E note squeak in the distance. Where do you want to travel to? (For instructions type a '?') The little dog picks up a yellowish brown gem. The little dog drops a yellowish brown gem. The little dog picks up a yellowish brown gem. Suddenly, the little dog falls through a trap door. What do you want to write with? [- acdfhk or ?*] - You write in the dust with your fingertip. There is a staircase up to level 5 here. Something is written here in the dust. You read: "!lbereth". What do you want to write with? [- acdfhk or ?*] - Do you want to add to the current engraving? n You wipe out the message that was written in the dust here. You write in the dust with your fingertip. The homunculus turns to flee. The homunculus turns to flee. The hobbit wields a dagger! The hobbit turns to flee. The homunculus turns to flee. The hobbit turns to flee. The hobbit turns to flee. The homunculus turns to flee. The homunculus turns to flee. The homunculus turns to flee. What do you want to write with? [- acdfhk or ?*] - You write in the dust with your fingertip. The hobbit turns to flee. The hobbit thrusts his dagger. The hobbit impales you! What do you want to write with? [- acdfhk or ?*] - You write in the dust with your fingertip. The hobbit thrusts his dagger. The hobbit hits you! Something is written here in the dust. You read: "El?e eth". The homunculus bites! Something is written here in the dust. You read: "Elberct?". The homunculus bites! You are put to sleep by the homunculus! The hobbit thrusts his dagger. The hobbit gores you! The homunculus bites! You die... Do you want your possessions identified? q Inventory: Inventory: 638/700 weight (17/52 slots) Coins $ - 1111 gold pieces {11} Amulets p - an uncursed copper amulet of reflection named !c {24} Weapons k - a +0 dagger {10} a - a +0 scalpel (weapon in hand) {5} c - a +0 dwarvish mattock named !c {120} Armor b - an uncursed +1 pair of leather gloves (being worn) {8} n - an uncursed +0 pair of dwarvish boots {50} o - an uncursed +0 dwarvish cloak {10} i - an uncursed +0 chain mail named !c {300} Comestibles l - 8 uncursed apples {16} e - an uncursed food ration {20} m - an uncursed lichen corpse {20} Scrolls g - an uncursed scroll of taming {5} Potions j - an uncursed potion of speed {20} Wands d - a wand of lightning named !c 1 (0:5) {7} h - a wand of sleep (0:8) {7} Tools s - an uncursed stethoscope {4} Gems/Stones f - an uncursed worthless piece of red glass {1} Moult the Healer's attributes: Background: You were a Rhizotomist, a level 1 male gnomish Healer. You were neutral, on a mission for Hermes who was opposed by Athena (lawful) and Poseidon (chaotic). You were heterosexual. You were in the Gnomish Mines, on level 6. You entered the dungeon 853 turns ago. You had 0 experience points, 20 were needed to attain level 2. Your score was 287 before end-of-game adjustments. Basics: You had 0 out of 22 hit points. You had all 8 energy points (spell power). Your armor class was 8. Your wallet contained 1111 zorkmids. Autopickup was on for '_' plus thrown, with exceptions. Final Characteristics: Your strength was 12 (limit:18/50). Your dexterity was 9 (limit:18). Your constitution was 14 (limit:18). Your intelligence was 14 (limit:19). Your wisdom was 13 (limit:18). Your charisma was 13 (limit:18). Final Status: You were not hungry. You were unencumbered. You were wielding a knife. You had basic skill with knife. Final Attributes: You were fervently aligned. You were poison resistant. You had infravision. You are dead. Miscellaneous: You never encountered a bones level. Total elapsed playing time was 47 minutes and 41 seconds. Major events: Turn 1: Moult the neutral male gnomish Healer entered the dungeon 611: entered the Gnomish Mines 853: killed by a homunculus, while sleeping Vanquished creatures: a dwarf a yellow mold a gecko 2 jackals 2 foxes a kobold 2 goblins a sewer rat 4 grid bugs 4 lichens 3 newts 22 creatures vanquished. No species were genocided or became extinct. Voluntary challenges: You were an atheist. You never hit with a wielded weapon. You were a pacifist. You read items or engraved 11 times. You never genocided any monsters. You never polymorphed an object. You never changed form. You never touched an artifact. You used no wishes. You were celibate. You never generated conflict. Achievements: You entered a shop. You entered the Gnomish Mines. Dungeon overview: The Dungeons of Doom: levels 1 to 4 Level 1: Level 2: Some fountains. Level 3: A general store. Level 4: Some fountains. Stairs down to The Gnomish Mines. The Gnomish Mines: levels 5 to 6 Level 5: Level 6: <- You were here. Final resting place for you, killed by a homunculus, while sleeping. Game over: __________ / \ / REST \ / IN \ / PEACE \ / \ | Moult | | 1111 Au | | killed by a | | homunculus | | | | | | 2023 | *| * * * | * _________)/\\_//(\/(/\)/\//\/|_)_______ Goodbye Moult the Healer... You died in The Gnomish Mines on dungeon level 6 with 285 points, and 1111 pieces of gold, after 853 moves. You were level 1 with a maximum of 22 hit points when you died.